AoeStats
← Froduko

Arabia

510347835Analyzed
1v1 RM · 2d ago on Sep 30, 2026· 51m 14s· 2 players
Game mode
Random Map
Map size
Tiny (2 player)
Population
200
Speed
Normal
Resources
Standard
Victory
Conquest
Starting age
Dark Age
Ending age
Imperial Age
RankedLock teamsTeams togetherTeam positionsShared explorationLock speedFull tech treeHidden civsTurbo modeCheats
Victory
Defeat
🇨🇿 Franks · Czechia
889
+18
🇪🇸 Vietnamese · Spain
932
-18
wtp_marny_beer_skill
6:08 Loom
9:24 Feudal Age
9:58 Double-Bit Axe
19:33 Castle Age
21:06 Forging
21:02 Scale Barding Armor
22:50 Fervor
24:44 Wheelbarrow
27:37 Stone Mining
27:38 Gold Mining
28:07 Town Watch
29:35 Husbandry
31:01 Fletching
31:12 Padded Archer Armor
34:13 Chain Barding Armor
34:35 Bow Saw
34:44 Hand Cart
35:50 Ballistics
36:45 Iron Casting
36:06 Bodkin Arrow
37:39 Gold Shaft Mining
37:08 Town Patrol
40:55 Imperial Age
38:42 Ordonnance Companies
39:20 Light Cavalry
40:45 Scale Mail Armor
41:00 Leather Archer Armor
41:06 Cavalier
43:03 Chemistry
42:41 Plate Barding Armor
43:09 Blast Furnace
43:34 Chain Mail Armor
44:25 Cranequins
44:55 Elite Throwing Axeman
46:36 Hoardings
47:02 Chivalry
48:23 Murder Holes
48:40 Fortified Wall
48:41 Masonry
48:12 Treadmill Crane
48:23 Guard Tower
50:56 Paladin
Froduko
7:43 Loom
10:25 Feudal Age
15:59 Double-Bit Axe
16:12 Town Watch
23:04 Castle Age
21:13 Horse Collar
21:40 Scale Mail Armor
22:48 Gold Mining
23:52 Forging
23:59 Bow Saw
24:15 Squires
24:46 Pikeman
26:40 Heavy Plow
30:11 Iron Casting
31:01 Elite Skirmisher
31:42 Padded Archer Armor
31:33 Fletching
32:27 Stone Mining
33:02 Leather Archer Armor
33:53 Stone Shaft Mining
34:08 Chain Mail Armor
33:50 Bodkin Arrow
34:20 Ballistics
35:36 Crossbowman
42:16 Imperial Age
41:28 Wheelbarrow
40:54 Town Patrol
40:39 Treadmill Crane
42:21 Hand Cart
42:19 Capped Ram
42:59 Imperial Skirmisher
45:43 Halberdier
49:02 Chain Mail Armor
48:56 Onager
50:39 Hoardings
Connection lost

Rejoining the realm…

Still unreachable

The connection could not be restored.

Session expired

The server has moved on; the page needs a fresh start.